 Dungeon Crawl Stone Soup version 0.27-a0-553-ge0ab5a2769 (webtiles) character file.

Game seed: 10635590401334189692

92 Chiseanne the Magician (level 4, 0/30 HPs)
             Began as a Demonspawn Hedge Wizard on Mar 8, 2021.
             Slain by a gnoll
             ... wielding a +0 club
              (2 damage)
             ... on level 2 of the Dungeon.
             The game lasted 00:02:40 (4073 turns).

Chiseanne the Magician (Demonspawn Hedge Wizard)    Turns: 4073, Time: 00:02:41

Health: 0/30       AC:  4    Str: 10    XL:     4   Next: 35%
Magic:  3/10       EV: 12    Int: 17    God:
Gold:   16         SH:  0    Dex: 12    Spells: 10/11 levels left

rFire    . . .     SeeInvis .   e - +0 short sword
rCold    . . .     Faith    .   (no shield)
rNeg     . . .     Spirit   .   b - +0 robe
rPois    .         Reflect  .   c - +0 hat
rElec    .         Harm     .   (no cloak)
rCorr    .         Rampage  .   (no gloves)
Will     .....                  (no boots)
Stlth    ++........             (no amulet)
HPRegen  0.10/turn              (no ring)
MPRegen  0.12/turn              (no ring)

@: mighty, flying
A: sharp scales 2
a: no special abilities


You were on level 2 of the Dungeon.
You visited 1 branch of the dungeon, and saw 2 of its levels.

You collected 16 gold pieces.

Inventory:

Hand Weapons
 e - a +0 short sword (weapon)
Missiles
 d - 61 stones
 j - 13 poisoned darts
Armour
 b - a +0 robe (worn)
 c - a +0 hat (worn)
Scrolls
 a - a scroll of magic mapping {unknown}
 f - 2 scrolls of enchant weapon {unknown}
 g - a scroll of fear {unknown}
 i - a scroll of amnesia {unknown}
 k - a scroll of noise {unknown}
 l - a scroll of enchant armour {unknown}
Potions
 o - a potion of degeneration {unknown}


   Skills:
 - Level 1.7 Dodging
 - Level 1.7 Stealth
 * Level 4.0 Spellcasting
 * Level 3.0 Conjurations
 - Level 1.0 Summonings
 - Level 0.8 Translocations


You had 10 spell levels left.
You knew the following spells:

 Your Spells              Type           Power      Damage    Failure   Level
a - Magic Dart            Conj           52%        1d5       4%          1

Your spell library contained the following spells:

 Spells                   Type           Power      Damage    Failure   Level
 Call Imp                 Summ           6%         N/A       16%         2
 Blink                    Tloc           N/A        N/A       17%         2
 Slow                     Hex            3%         N/A       24%         2
 Conjure Flame            Conj/Fire      8%         6-21      26%         3
 Mephitic Cloud           Conj/Pois/Air  6%         N/A       30%         3


Dungeon Overview and Level Annotations

Branches:
Dungeon (2/15)

Altars:
Elyvilon


Innate Abilities, Weirdness & Mutations

You are mostly covered in razor-sharp scales. (AC +2, Slay +2)


Message History

The gnoll closely misses you.
You hit the gnoll.
The gnoll is lightly wounded.
The gnoll hits you from afar with a +0 spear.
The gnoll hits you with a +0 club!
* * * LOW HITPOINT WARNING * * *
The gnoll hits you from afar with a +0 spear.
* * * LOW HITPOINT WARNING * * *
You hit the gnoll.
The gnoll is moderately wounded.
The gnoll barely misses you.
The gnoll hits you from afar with a +0 spear.
* * * LOW HITPOINT WARNING * * *
You hit the gnoll.
The gnoll is heavily wounded.
The gnoll hits you but does no damage. The gnoll closely misses you.
You feel better. The gnoll hits you with a +0 club.
* * * LOW HITPOINT WARNING * * *
The gnoll barely misses you.
There are no items here.
It was a potion of flight.
You feel very buoyant.
You fly up into the air.
The gnoll misses you. The gnoll barely misses you.
It was a potion of might.
You feel very mighty all of a sudden. The gnoll barely misses you. x2
You hit the gnoll.
The gnoll is almost dead.
The gnoll barely misses you. x2
You barely miss the gnoll.
The gnoll is almost dead.
The gnoll closely misses you.
The gnoll hits you from afar with a +0 spear.
* * * LOW HITPOINT WARNING * * *
You closely miss the gnoll.
The gnoll is almost dead.
The gnoll hits you from afar with a +0 spear.
* * * LOW HITPOINT WARNING * * *
The gnoll hits you with a +0 club.
You die...

P..................P≈.≈......≈≈
P..................≈≈≈≈.....≈P≈
...................P♣≈.......P≈
##..................P≈P......≈♣
##.......##.......P≈≈......P≈≈
#.. #..##..##.P≈≈P.≈..≈≈P
......##..###≈≈♣♣≈PP≈P≈♣ .
######.####≈≈≈≈≈≈P≈≈♣P≈
#...@gg..≈≈≈♣≈♣♣≈(≈
#...###..≈≈≈≈♣≈≈ .# #≈≈...≈
#.#.≈♣≈♣♣≈P. #≈..♣..≈#g#≈≈≈≈♣
≈≈## .........$g#..≈≈≈≈P≈#
...♣._$♣.....PP≈≈P≈≈#
........).##...≈.P.# .# ..♣..≈#
##.....## ...≈≈ ######


You could see 2 gnolls.

Vanquished Creatures
  2 gnolls (D:2)
  2 adders (D:2)
  An ooze (D:1)
  3 worms (D:2)
  2 leopard geckos (D:1)
  8 giant cockroaches
  2 goblins (D:1)
  4 hobgoblins
  5 bats
  3 frilled lizards
  5 kobolds
  5 rats
42 creatures vanquished.

Vanquished Creatures (others)
  A dart slug (D:2)
  A quokka (D:2)
  44 plants (D:2)
46 creatures vanquished.

Grand Total: 88 creatures vanquished

Notes
Turn   | Place    | Note
-------+----------+-------------------------------------------
     0 | D:1      | Chiseanne the Demonspawn Hedge Wizard began the quest for
                  | the Orb.
     0 | D:1      | Reached XP level 1. HP: 13/13 MP: 4/4
   872 | D:1      | Gained mutation: You are partially covered in razor-sharp
                  | scales. (AC +1, Slay +1) [demonic ancestry]
   872 | D:1      | Reached XP level 2. HP: 4/19 MP: 0/6
  2009 | D:1      | Gained mutation: You are mostly covered in razor-sharp
                  | scales. (AC +2, Slay +2) [demonic ancestry]
  2009 | D:1      | Reached XP level 3. HP: 24/24 MP: 2/8
  3484 | D:2      | Reached XP level 4. HP: 13/30 MP: 1/9
  4047 | D:2      | Reached skill level 4 in Spellcasting
  4073 | D:2      | Slain by a gnoll

Illustrated notes

Levels and vault maps discovered:
D:1:      dpeg_arrival_prison, layout_basic
D:2:      layout_rooms, elyvilon_altar_4, serial_bayou, serial_bayou_ford_a,
          serial_bayou_lagoon_a, serial_bayou_lake_a, serial_bayou_pond_c,
          chequers_ecumenical_altar_simple_redux, minivault_26,
          trog_three_pillars_becter

Skill      XL: |  1  2  3  4 |
---------------+-------------+-----
Conjurations   | 2 3 |  3.0
Spellcasting   | 4 |  4.0
Dodging        | |  1.7
Stealth        | |  1.7
Summonings     | |  1.0
Translocations | |  0.8

Action                   |  1- 3 |  4- 6 || total
-------------------------+-------+-------++-------
Melee: Dagger            |    28 |       ||    28
       Short sword       |    17 |    17 ||    34
 Cast: Magic Dart        |    94 |    18 ||   112
  Use: Potion            |       |     4 ||     4
Armor: Robe              |     8 |     3 ||    11
Dodge: Dodged            |    39 |    23 ||    62

Table legend: (Time is in decaauts)
 A = Elapsed time spent in this place.
 B = Non-inter-level travel time spent in this place.
 C = Inter-level travel time spent in this place.
 D = Time resting spent in this place.
 E = Time spent auto-exploring this place.
 F = Levels seen in this place.
 G = Mean time per level.
                   A        B        C        D        E       F      G
               +--------+--------+--------+--------+--------+-----+--------+
         Total |   4079 |   4056 |     23 |   2323 |   1443 |   2 | 2039.5 |
       Dungeon |   4079 |   4056 |     23 |   2323 |   1443 |   2 | 2039.5 |
               +--------+--------+--------+--------+--------+-----+--------+

Top non-repeatable levels by time:
     D:1: 2578 daAuts
     D:2: 1501 daAuts
